cohdb
Replays
Latest Replays
All Replays
Popular Replays
Top Player Replays
Match Explorer
How It Works
Community
CoH3 Stats
Reddit
Sign in to upload your games and track your stats! →
Sign in with Steam
Match 40004236
Unlisted
Match 40004236
Overview
Messages
Build Orders
End
Kettenkrad Recon Vehicle
Construct Infanterie Kompanie
MG 42 Machine Gun Team
Construct Luftwaffe Kompanie
Jäger Squad
Jäger Squad
Jäger Squad
Selects Breakthrough Battlegroup
Selects Assault Grenadiers
Selects Rapid Production
Forward Retreat Point
Medical Bunker
Jäger Squad
Jäger Squad
Support Elements
Marder III M Tank Destroyer
Luftwaffe Officer Quarters
Marder III M Tank Destroyer
Marder III M Tank Destroyer
Kettenkrad Recon Vehicle
Selects Blitzkrieg
MG 42 Bunker
MG 42 Bunker
Wirbelwind Flakpanzer
Wirbelwind Flakpanzer
Karl Müller
six
silverticket
nexnbb
KoMoDЫ4
just a LLAMA
Quincy
摩诘
0
0
Comments
sign in to comment!
No comments posted yet!